 Dungeon Sprint DCSS version 0.31-a0-851-g7ff8af7976 (webtiles) character file.

Game seed: 11228699163366914140

25 AiryTheDragon the Firebug (level 2, 0/19 HPs)
             Began as a Demonspawn Fire Elementalist on Oct 7, 2023.
             Slain by an ogre
             ... wielding a +0 giant club
              (19 damage)
             ... in the Dungeon (Sprint I: "Red Sonja").
             The game lasted 00:02:55 (69 turns).

AiryTheDragon the Firebug (DsFE)                      Turns: 69, Time: 00:02:58

Health: 0/19       AC:  4    Str:  8    XL:     2   Next: 82%
Magic:  1/6        EV: 11    Int: 16    God:
Gold:   0          SH:  0    Dex: 13    Spells: 4/7 levels left

rFire   . . .        h - +0 club
rCold   . . .        (no shield)
rNeg    . . .        i - +1 leather armour {rPois}
rPois   +            (helmet restricted)
rElec   .            (no cloak)
rCorr   .            (no gloves)
SInv    .            (no boots)
Will    .....        (no amulet)
Stlth   ++           (no ring)
HPRegen 0.23/turn    (no ring)
MPRegen 0.10/turn

%: no teleportation
@: no status effects
A: antennae 1
a: no special abilities


You were in the Dungeon.
You visited 1 branch

Inventory:

Hand Weapons
 h - a +0 club (weapon)
Armour
 a - a +0 robe
 i - a +1 leather armour of poison resistance (worn)
Wands
 f - a wand of flame (5)
Scrolls
 g - a scroll of blinking
Potions
 b - 3 potions of magic
 c - a potion of curing
 d - a potion of heal wounds
 e - a potion of haste


   Skills:
 + Level 0.1 Fighting
 + Level 2.4 Dodging
 + Level 2.3 Stealth
 + Level 0.8 Unarmed Combat
 + Level 3.0 Spellcasting
 + Level 1.1 Conjurations
 + Level 4.6 Fire Magic


You had 4 spell levels left.
You knew the following spells:

 Your Spells              Type           Power      Damage    Failure   Level
a - Foxfire               Conj/Fire      44%        2x1d6     9%          1
b - Scorch                Fire           34%        2d6       6%          2

Your spell library contained the following spells:

 Spells                   Type           Power      Damage    Failure   Level
 Inner Flame              Hex/Fire       9%         N/A       30%         3
 Volatile Blastmotes      Fire/Tloc      18%        2d11      30%         3
 Flame Wave               Conj/Fire      11%        2d6       63%         4


Dungeon Overview and Level Annotations

Branches:
Dungeon (1/1)

Altars:


Innate Abilities, Weirdness & Mutations

You have a pair of small antennae on your head.


Message History

You start resting.
HP restored.
Okay, then.
Okay, then.
There is an open door, spattered with blood here.
You see here the goblin corpse of Ijyb.
You open the door.
An ogre comes into view. It is wielding a +0 giant club.
Cast which spell? (? or * to list)
Okay, then.
Okay, then.
Cast which spell? (? or * to list)
You conjure some foxfire!
Casting: Foxfire (safe; 9% risk of failure)
Confirm with . or Enter, or press ? or * to list all spells.
You conjure some foxfire!
The foxfire hits the ogre but does no damage.
The ogre shouts!
Casting: Foxfire (safe; 9% risk of failure)
Confirm with . or Enter, or press ? or * to list all spells.
Flames lash the ogre.
The ogre is moderately wounded.
The ogre's fire resistance burns away.
The foxfire hits the ogre.
The ogre is burned terribly!
The ogre is heavily wounded.
The foxfire hits the ogre.
The ogre is heavily wounded.
Casting: Scorch (safe; 6% risk of failure)
Confirm with . or Enter, or press ? or * to list all spells.
You conjure some foxfire!
Your foxfire dissipates!
The foxfire hits the ogre.
The ogre is heavily wounded.
You barely miss the ogre.
The ogre is heavily wounded.
The foxfire hits the ogre.
The ogre is burned terribly!
The ogre is severely wounded.
The ogre hits you with a +0 giant club!!
Ouch! That really hurt!
You die...

##########
#<.#@O'..#
#..§†.#..+
#.§#### #
#..# #..#
#..# #⌠⌠#
####


You could see an ogre (combustible).

Vanquished Creatures
  Ijyb (D)
1 creature vanquished.

Vanquished Creatures (others)
  5 foxfires (D)
5 creatures vanquished.

Grand Total: 6 creatures vanquished

Notes
Turn   | Place    | Note
-------+----------+-------------------------------------------
     0 | D        | AiryTheDragon the Demonspawn Fire Elementalist began the
                  | quest for the Orb.
     0 | D        | Reached XP level 1. HP: 13/13 MP: 3/3
     2 | D        | Noticed Ijyb
    14 | D        | Killed Ijyb
    15 | D        | Reached skill level 4 in Fire Magic
    15 | D        | Discovered your monstrous ancestry.
    15 | D        | Gained mutation: You have a pair of small antennae on your
                  | head. [demonic ancestry]
    15 | D        | Reached XP level 2. HP: 10/19 MP: 4/6
    34 | D        | Learned a level 2 spell: Scorch
    64 | D        | Noticed an ogre
    69 | D        | Slain by an ogre

Illustrated notes

Levels and vault maps discovered:
D:        dungeon_sprint_1 [red_sonja_temple_1, red_sonja_temple_small_1]

Skill      XL: |  1 |
---------------+----+-----
Dodging        | 2 |  2.4
Stealth        | 2 |  2.3
Spellcasting   | 3 |  3.0
Fire Magic     | 4 |  4.6
Fighting       | |  0.1
Unarmed Combat | |  0.8
Conjurations   | |  1.1

Action                     || total
---------------------------++-------
  Melee: Unarmed           ||    11
         Club              ||     1
   Cast: Foxfire           ||     3
         Scorch            ||     1
    Use: Potion            ||     1
 Armour: Robe              ||     6
         Leather armour    ||     1
  Dodge: Dodged            ||     1

Table legend: (Time is in decaauts)
 A = Elapsed time spent in this place.
 B = Non-inter-level travel time spent in this place.
 C = Inter-level travel time spent in this place.
 D = Time resting spent in this place.
 E = Time spent auto-exploring this place.
 F = Levels seen in this place.
 G = Mean time per level.
                   A        B        C        D        E       F      G
               +--------+--------+--------+--------+--------+-----+--------+
         Total |     73 |     73 |      0 |     29 |      0 |   1 |   73.0 |
       Dungeon |     73 |     73 |      0 |     29 |      0 |   1 |   73.0 |
               +--------+--------+--------+--------+--------+-----+--------+

Top non-repeatable levels by time:
       D: 73 daAuts
